 Dungeon Crawl Stone Soup version 0.31-a0-1540-g5a0b83f448 (webtiles) character file.

Game seed: 12116408732775028092

499 voltaire321 the Apothecary (level 6, -1/46 HPs)
             Began as a Demonspawn Alchemist on Jan 2, 2024.
             Slain by an ice beast (6 damage)
             ... on level 4 of the Dungeon.
             The game lasted 00:12:07 (3490 turns).

voltaire321 the Apothecary (Demonspawn Alchemist)   Turns: 3490, Time: 00:12:07

Health: -1/46      AC:  8    Str:  8    XL:     6   Next: 94%
Magic:  10/10      EV: 13    Int: 15    God:
Gold:   195        SH:  0    Dex: 16    Spells: 4/11 levels left

rFire   + + +        v - +2 hand axe of Eternal Night {elec, ^Drain rElec rF++ rCorr}
rCold   + . .        (no shield)
rNeg    . . .        a - +0 robe
rPois   .            q - +2 helmet
rElec   +            m - scarf {rC+ rF+}
rCorr   +            e - +0 pair of gloves
SInv    .            (no boots)
Will    .....        (no amulet)
Stlth   ++           k - ring of resist corrosion
HPRegen 0.27/turn    (no ring)
MPRegen 0.12/turn

%: no passive effects
@: no status effects
A: thin metallic scales 1, demonic magic 1, demonic touch 1
a: no special abilities


You were on level 4 of the Dungeon.
You visited 1 branch of the dungeon, and saw 4 of its levels.

You collected 250 gold pieces.
You spent 55 gold pieces at shops.

Inventory:

Hand Weapons
 g - a +0 dagger of venom
 t - a +3 dagger
 u - a +0 rapier
 v - the +2 hand axe of Eternal Night (weapon) {elec, ^Drain rElec rF++ rCorr}
   (You found it on level 4 of the Dungeon)

   rF++:      It greatly protects you from fire.
   rElec:     It insulates you from electricity.
   rCorr:     It protects you from acid and corrosion.
   ^Drain:    It drains your maximum health when unequipped.
Armour
 a - a +0 robe (worn)
 e - a +0 pair of gloves (worn)
 m - a scarf of resistance (worn)
 q - a +2 helmet (worn)
Jewellery
 k - a ring of resist corrosion (left hand)
Scrolls
 d - 2 scrolls of amnesia {unknown}
 h - 2 scrolls of enchant weapon {unknown}
 j - 2 scrolls of teleportation
 l - 3 scrolls of fear {unknown}
 n - 2 scrolls of enchant armour {unknown}
 o - a scroll of torment {unknown}
 p - a scroll of acquirement {unknown}
 s - 7 scrolls of identify
Potions
 b - 2 potions of magic
 c - 2 potions of might {unknown}
 f - a potion of invisibility {unknown}
 i - a potion of curing
 r - a potion of lignification {unknown}
 w - a potion of resistance


   Skills:
 + Level 2.6 Fighting
 + Level 0.2 Axes
 + Level 2.3 Armour
 + Level 3.1 Dodging
 - Level 1.7 Stealth
 + Level 3.2 Spellcasting
 + Level 2.9 Conjurations
 + Level 4.1 Alchemy


You had 4 spell levels left.
You knew the following spells:

 Your Spells              Type           Power      Damage    Failure   Level
a - Sting                 Conj/Alch      52%        1d6       4%          1
b - Olgreb's Toxic Radia  Alch           15%        N/A       34%         4
c - Mercury Vapours       Alch/Air       16%        N/A       13%         2

Your spell library contained the following spells:

 Spells                   Type           Power      Damage    Failure   Level
 Mephitic Cloud           Conj/Alch/Air  9%         N/A       22%         3
 Sticky Flame             Fire/Alch      8%         2d4       63%         4


Dungeon Overview and Level Annotations

Branches:
Dungeon (4/15)
 Temple: D:4-7

Altars:

Shops:
D:3 ?

Annotations:
D:4 1 transporter


Innate Abilities, Weirdness & Mutations

You are partially covered in thin metallic scales. (AC +2)
Spells you cast may paralyse adjacent enemies.
Your touch may inflict minor irresistible damage on your foes.


Message History

You hit the ice beast.
The ice beast is lightly wounded.
You hit the ice beast.
Lightning courses through the ice beast!
The ice beast hits you but does no damage.
The ice beast closely misses you.
It was a potion of curing.
You feel better. The ice beast closely misses you. The ice beast misses you.
You hit the ice beast.
The ice beast is lightly wounded.
You hit the ice beast.
The ice beast misses you. x2; The ice beast hits you.
The ice beast freezes you. You resist.
The ice beast hits you but does no damage.
You hit the ice beast but do no damage. Your touch misses the ice beast.
The ice beast is lightly wounded.
You hit the ice beast. The ice beast hits you. The ice beast freezes you.
You resist. The ice beast misses you.
You barely miss the ice beast.
The ice beast is lightly wounded.
You hit the ice beast but do no damage. The ice beast hits you.
* * * LOW HITPOINT WARNING * * *
The ice beast freezes you. You resist.
* * * LOW HITPOINT WARNING * * *
The ice beast closely misses you.
You feel better. The ice beast barely misses you. The ice beast hits you.
* * * LOW HITPOINT WARNING * * *
The ice beast freezes you. You resist.
* * * LOW HITPOINT WARNING * * *
You closely miss the ice beast. Your touch misses the ice beast.
The ice beast is lightly wounded.
You hit the ice beast. The ice beast closely misses you.
The ice beast hits you but does no damage.
You hit the ice beast.
Lightning courses through the ice beast!!
The ice beast is almost dead.
You hit the ice beast but do no damage. The ice beast closely misses you.
The ice beast hits you.
* * * LOW HITPOINT WARNING * * *
The ice beast freezes you. You resist.
You die...

#.#.©.## #.##....#
###########
###.##....#
#°○°[©(☼○○#
..........#
#°°°$$$°°°#
......#..##
#°○°...°○°#
.....###...
##########○○°°°○°☼.#
<.....#.>..
#....[..##°☼☼☼°○°°°#
#......#.# #.#####.#
###°YY### ######.#.#
#.# #.###°°..@☼☼#
#.#.# #<#
#(..#☼○#.#○°#
..######.#.# #.#
#.###.☼...○○#
.........#.#
##.#####.###☼°#©#○☼#
#.######.#.#
..........##○°○○.☼○#
).........#
#####......#°.°○.○☼#
#######.... #
#......#########.#
#.### #
##.........©.....#
#.# # #
#####....#......####
#.# #


You could see 2 ice beasts.

Vanquished Creatures
  2 ogres (D:4)
  A howler monkey (D:3)
  An orc priest (D:4)
  A sleepcap (D:4)
  2 orc wizards (D:4)
  5 adders
  4 gnolls
  2 dart slugs (D:2)
  9 orcs
  7 endoplasms
  3 giant cockroaches
  7 goblins
  6 hobgoblins
  6 jackals (D:1)
  12 kobolds
  5 quokkas
  7 ball pythons
  4 bats
  A frilled lizard (D:3)
  5 rats
90 creatures vanquished.

Notes
Turn   | Place    | Note
-------+----------+-------------------------------------------
     0 | D:1      | voltaire321 the Demonspawn Alchemist began the quest for
                  | the Orb.
     0 | D:1      | Reached XP level 1. HP: 13/13 MP: 3/3
   258 | D:1      | Gained mutation: You are partially covered in thin metallic
                  | scales. (AC +2) [demonic ancestry]
   258 | D:1      | Reached XP level 2. HP: 14/20 MP: 1/5
   546 | D:1      | Reached XP level 3. HP: 24/25 MP: 6/6
   895 | D:2      | Reached skill level 1 in Fighting
  1095 | D:2      | Reached skill level 1 in Armour
  1323 | D:2      | You fall into a shaft and drop 2 floors!
  1363 | D:4      | Noticed an ogre
  1402 | D:4      | Gained mutation: Your touch may inflict minor irresistible
                  | damage on your foes. [demonic ancestry]
  1402 | D:4      | Reached XP level 4. HP: 32/32 MP: 4/7
  1593 | D:3      | Gained mutation: Spells you cast may paralyse adjacent
                  | enemies. [demonic ancestry]
  1593 | D:3      | Reached XP level 5. HP: 31/38 MP: 5/9
  2373 | D:3      | Found a faded altar of an unknown god.
  2634 | D:3      | Found Upucarroq's Magic Scroll Shop.
  2637 | D:3      | Bought a scroll of teleportation for 33 gold pieces
  2637 | D:3      | Bought a scroll of identify for 22 gold pieces
  2963 | D:4      | Learned a level 4 spell: Olgreb's Toxic Radiance
  3067 | D:4      | Reached XP level 6. HP: 38/44 MP: 8/10
  3083 | D:4      | Learned a level 2 spell: Mercury Vapours
  3114 | D:4      | Identified the +2 hand axe of Eternal Night {elec, ^Drain
                  | rElec rF++ rCorr}
  3120 | D:4      | Found a transporter.
  3140 | D:4      | Noticed an ice beast
  3169 | D:4      | Reached skill level 4 in Alchemy
  3463 | D:4      | Found a transporter.
  3476 | D:4      | Noticed an ice beast
  3490 | D:4      | Slain by an ice beast

Illustrated notes

Levels and vault maps discovered:
D:1:      roderic_dead_forest, layout_loops_ring
D:2:      layout_basic, minmay_pentomino_q4
D:3:      layout_basic, serial_shops, nicolae_shop_rolled_up,
          hellmonk_ecumenical_altar_arch_garden, minmay_quantized
D:4:      gammafunk_cloud_chamber, layout_loops_ring, fedhas_altar_4,
          mainiacjoe_overflow_alcove_2, minmay_bisected

Skill      XL: |  1  2  3  4  5  6 |
---------------+-------------------+-----
Dodging        | 2 3 |  3.1
Fighting       | 1 2 |  2.6
Armour         | 1 2 |  2.3
Conjurations   | 2 |  2.9
Spellcasting   | 3 |  3.2
Alchemy        | 4 |  4.1
Axes           | |  0.2
Stealth        | |  1.7

Action                     |  1- 3 |  4- 6 || total
---------------------------+-------+-------++-------
  Melee: Dagger            |    50 |    53 ||   103
         Touch             |       |    21 ||    21
         Punch             |       |     1 ||     1
         Hand axe          |       |    37 ||    37
   Cast: Sting             |    44 |    63 ||   107
         Mercury Vapours   |       |     1 ||     1
    Use: Potion            |       |     2 ||     2
   Stab: Paralysed         |       |     1 ||     1
         Sleeping          |       |     3 ||     3
 Armour: Robe              |    24 |    56 ||    80
  Dodge: Dodged            |    36 |    55 ||    91

Table legend: (Time is in decaauts)
 A = Elapsed time spent in this place.
 B = Non-inter-level travel time spent in this place.
 C = Inter-level travel time spent in this place.
 D = Time resting spent in this place.
 E = Time spent auto-exploring this place.
 F = Levels seen in this place.
 G = Mean time per level.
                   A        B        C        D        E       F      G
               +--------+--------+--------+--------+--------+-----+--------+
         Total |   3497 |   3436 |     61 |    276 |   2155 |   4 |  874.2 |
       Dungeon |   3497 |   3436 |     61 |    276 |   2155 |   4 |  874.2 |
               +--------+--------+--------+--------+--------+-----+--------+

Top non-repeatable levels by time:
     D:3: 1087 daAuts
     D:1: 891 daAuts
     D:4: 798 daAuts
     D:2: 720 daAuts
